 Dungeon Crawl Stone Soup version 0.21-a0-207-g4a9efaf (webtiles) character file.

34 aurelian the Insei (level 3, -2/23 HPs)
             Began as an Octopode Transmuter on Aug 20, 2017.
             Splashed by a jelly's acid (7 damage)
             ... on level 1 of the Dungeon.
             The game lasted 00:03:01 (1241 turns).

aurelian the Insei (Octopode Transmuter)            Turns: 1241, Time: 00:03:01

Health: -2/23      AC: -7    Str:  9    XL:     3   Next: 31%
Magic:  5/6        EV: 13    Int: 16    God:
Gold:   25         SH:  0    Dex: 12    Spells: 0/6 levels left

rFire    . . .     SeeInvis .     - Unarmed
rCold    . . .     Gourm    .   (no shield)
rNeg     . . .     Faith    .   (helmet restricted)
rPois    .         Spirit   .   (no amulet)
rElec    .         Reflect  .   (no ring)
rCorr    .         Harm     .   (no ring)
MR       .....                  (no ring)
Stlth    ++........             (no ring)
HPRegen  0.07/turn              (no ring)
MPRegen  0.10/turn              (no ring)
                                (no ring)
                                (no ring)

@: appendage (expiring), corroded
A: almost no armour, stealthy swim, amphibious, 8 rings, constrict 8, tentacle
spike 3, camouflage 1, gelatinous body 1
a: End Transformation


You were on level 1 of the Dungeon.
You were not hungry.
One of your tentacles had a temporary spike.
You visited 1 branch of the dungeon, and saw 1 of its levels.

You collected 25 gold pieces.

Inventory:

Missiles
 a - 28 arrows
 f - 50 stones (quivered)
 i - 42 sling bullets
 k - 3 poisoned needles
Jewellery
 m - an uncursed ring of ice {unknown}
Scrolls
 d - 2 scrolls of random uselessness {unknown}
 e - a scroll of teleportation {unknown}
 g - a scroll of magic mapping {unknown}
 j - a scroll of identify {unknown}
Potions
 h - a potion of mutation {unknown}
 l - a potion of degeneration {unknown}
Books
 b - a book of Changes

   Spells                             Type                      Level
   a - Beastly Appendage              Transmutation                1
   b - Sticks to Snakes               Transmutation                2
   c - Spider Form                    Transmutation/Poison         3
   d - Ice Form                       Ice/Transmutation            4
   e - Blade Hands                    Transmutation                5
Comestibles
 c - a bread ration
 n - a royal jelly
 o - a chunk of flesh


   Skills:
 - Level 1.0 Fighting
 - Level 2.0 Dodging
 + Level 3.7 Unarmed Combat
 - Level 2.0 Spellcasting
 + Level 2.8 Transmutations
 + Level 0.2 Poison Magic


You couldn't memorise any spells.
You knew the following spells:

 Your Spells              Type           Power        Failure   Level  Hunger
a - Beastly Appendage     Tmut           ##....       6%          1    #......
b - Spider Form           Tmut/Pois      #.........   32%         3    ###....
c - Sticks to Snakes      Tmut           ##......     10%         2    ###....


Dungeon Overview and Level Annotations

Branches:
Dungeon (1/15)

Altars:


Innate Abilities, Weirdness & Mutations

You cannot wear most types of armour.
You are very stealthy in the water. (Stealth+)
You are amphibious.
You can wear up to eight rings at the same time.
You can use your tentacles to constrict eight enemies at once.
Your skin changes colour to match your surroundings (Stealth+).
Your rubbery body absorbs attacks. (AC +1, EV +1)
One of your tentacles bears a large vicious spike.


Message History

Your tentacle spike disappears.
A kobold comes into view. It is wielding a dagger of freezing.
A jelly comes into view.
Casting: Beastly Appendage
Confirm with . or Enter, or press ? or * to list all spells.
One of your tentacles grows a vicious spike.
You start resting.
Your tentacle spike disappears.
The jelly jiggles.
Casting: Beastly Appendage
Confirm with . or Enter, or press ? or * to list all spells.
One of your tentacles grows a vicious spike.
Your transformation is almost over.
The jelly hits you. The acid corrodes you!
You are splashed with acid!
The acid burns!
You tentacle-slap the jelly but do no damage.
Your tentacles burn!
The jelly hits you.
* * * LOW HITPOINT WARNING * * *
The acid corrodes you!
You are splashed with acid!
The acid burns!
You die...

.####.#.###.##.#.#...##.#
........###.##.#........#
#####.......##.##########
##########.# #####
#.############ ....#
#.##.........# ###.#
########.##.#######.##
##.###.....##.##.###......#
#..............@J....###..#
#.......#........##### #..#
#..###.##..#...#.#######..#
#..###.##..##.##..........#
##..........##.###########.#
....##.###.###.# #.#
##..[......###'## ####.#####
#####.######...## #........#
###.# ##..†..## #.##.###.#


You could see a jelly.

Vanquished Creatures
  An adder (D:1)
  A leopard gecko (D:1)
  2 bats (D:1)
  5 giant cockroaches (D:1)
  2 goblins (D:1)
  A hobgoblin (D:1)
  4 jackals (D:1)
  A kobold (D:1)
  A frilled lizard (D:1)
  3 rats (D:1)
21 creatures vanquished.

Notes
Turn   | Place    | Note
-------+----------+-------------------------------------------
     0 | D:1      | aurelian the Octopode Transmuter began the quest for the Orb.
     0 | D:1      | Reached XP level 1. HP: 13/13 MP: 3/3
   111 | D:1      | Reached XP level 2. HP: 13/18 MP: 3/5
   910 | D:1      | Reached XP level 3. HP: 20/23 MP: 4/6
  1055 | D:1      | Learned a level 3 spell: Spider Form
  1058 | D:1      | Learned a level 2 spell: Sticks to Snakes
  1241 | D:1      | Splashed by a jelly's acid

Vault maps used:
D:1:      dpeg_arrival_prison

Action                   || total
-------------------------++-------
Melee: Unarmed           ||    48
       Kick              ||     7
       Constrict         ||    12
       Tentacles         ||     7
 Cast: Beastly Appendage ||    11
 Stab: Sleeping          ||     1
  Eat: Chunk             ||     1
Armor: Skin              ||     7
Dodge: Dodged            ||    29
